 Dungeon Crawl Stone Soup version 0.20.1-1-g8b1a95d (webtiles) character file.

1073 Linguinho the Shield-Bearer (level 8, -12/69 HPs)
             Began as a Minotaur Fighter on Oct 28, 2017.
             Killed by divine providence
             ... invoked by an orc priest
              (13 damage)
             ... on level 6 of the Dungeon.
             The game lasted 00:16:26 (3222 turns).

Linguinho the Shield-Bearer (Minotaur Fighter)      Turns: 3222, Time: 00:16:27

Health: -12/69     AC: 10    Str: 22    XL:     8   Next: 7%
Magic:  7/7        EV:  9    Int:  5    God:
Gold:   305        SH: 10    Dex: 11    Spells: 7/7 levels left

rFire    . . .     SeeInvis .   r - +2 mace (protect)
rCold    . . .     Gourm    .   c - +0 shield
rNeg     . . .     Faith    +   y - +0 scale mail (curse)
rPois    .         Spirit   .   (helmet restricted)
rElec    .         Reflect  .   s - +2 cloak {MR+}
rCorr    .         Harm     .   (no gloves)
MR       +....                  (no boots)
Stlth    ..........             q - amulet of faith
Regen    0.3/turn               (no ring)
MPRegen  0.1/turn               (no ring)

@: about to teleport
A: retaliatory headbutt, horns 2
a: no special abilities


You were on level 6 of the Dungeon.
You were very hungry.

You visited 1 branch of the dungeon, and saw 6 of its levels.

You collected 305 gold pieces.

Inventory:

Hand Weapons
 a - a +0 long sword
 r - a +2 mace of protection (weapon)
Armour
 b - a +0 scale mail
 c - a +0 shield (worn)
 n - a cursed -2 leather armour
 s - a +2 cloak of magic resistance (worn)
 y - a cursed +0 scale mail (worn)
 A - a +0 helmet
Jewellery
 q - an amulet of faith (around neck)
Wands
 u - a wand of flame (4/48)
 w - a wand of confusion (22/48)
 E - a wand of iceblast (6/15)
Scrolls
 g - 5 scrolls of identify {unknown}
 h - 5 scrolls of teleportation
 l - a scroll of recharging {unknown}
 x - a scroll of fear {unknown}
 B - a scroll of fog {unknown}
 C - a scroll of vulnerability {unknown}
 D - a scroll of immolation {unknown}
Potions
 d - a potion of might
 e - a potion of lignification {unknown}
 i - a potion of invisibility {unknown}
 m - a potion of cancellation {unknown}
 o - 3 potions of heal wounds {unknown}
 p - a potion of curing {unknown}
 v - a potion of magic {unknown}
 z - a potion of ambrosia {unknown}
Comestibles
 f - 3 bread rations
 j - 4 royal jellies
 k - 4 fruits
 t - 3 meat rations


   Skills:
 + Level 5.4 Fighting
 + Level 5.0 Long Blades
 + Level 4.6 Maces & Flails
 + Level 5.9 Armour
 + Level 3.1 Dodging
 + Level 6.5 Shields


You had 7 spell levels left.
You didn't know any spells.

Dungeon Overview and Level Annotations

Branches:
Dungeon (6/15)
 Temple: D:4-7

Altars:
Nemelex Xobeh
Trog
Xom
The Shining One

Shops:
D:5 =


Innate Abilities, Weirdness & Mutations

You reflexively headbutt those who attack you in melee.
You have a pair of horns on your head.


Message History

You are too injured to fight recklessly!
You are too injured to fight recklessly!
You are too injured to fight recklessly!
You are too injured to fight recklessly!
You are too injured to fight recklessly!
You closely miss the orc priest. Your headbutt misses the orc priest.
The orc priest invokes the aid of Beogh against you.
Beogh smites you!
* * * LOW HITPOINT WARNING * * *
You block the orc priest's attack.
As you read the scroll labeled WEN RATHRYRGHE, it crumbles to dust.
You feel strangely unstable.
It was a scroll of teleportation.
You block the orc priest's attack.
You completely miss the orc priest.
The orc priest calls down the wrath of Beogh upon you.
Beogh smites you!
* * * LOW HITPOINT WARNING * * *
The orc priest calls down the wrath of Beogh upon you.
Beogh smites you!
You die...

..#####.#.#
..........#
.######.### #.# #.#
#.##############
#..............#
...################.##
#..ooo@.........##.#
#).############....#
######


You could see 3 orc priests.

Vanquished Creatures
  Purgy (D:4)
  A phantom (D:5)
  2 ogres
  A bullfrog (D:6)
  3 scorpions
  A howler monkey (D:5)
  A bullfrog zombie (D:5)
  An orc priest (D:5)
  A hound (D:4)
  Crazy Yiuf (D:3)
  2 orc wizards (D:3)
  4 worker ants (D:4)
  A hound skeleton (D:4)
  A worker ant zombie (D:5)
  8 adders
  An ooze (D:1)
  An adder zombie (D:5)
  3 worms
  2 dart slugs
  3 leopard geckos
  7 orcs
  4 bats
  3 giant cockroaches
  8 goblins
  4 hobgoblins (D:3)
  14 jackals
  3 ball pythons
  5 frilled lizards
  A jackal zombie (D:3)
  9 kobolds
  4 rats
101 creatures vanquished.

Notes
Turn   | Place    | Note
-------+----------+-------------------------------------------
     0 | D:1      | Linguinho the Minotaur Fighter began the quest for the Orb.
     0 | D:1      | Reached XP level 1. HP: 19/19 MP: 0/0
    60 | D:1      | Reached XP level 2. HP: 25/27 MP: 1/1
    84 | D:1      | Reached skill level 4 in Shields
   219 | D:1      | Reached XP level 3. HP: 33/33 MP: 2/2
   427 | D:2      | Found a glowing golden altar of the Shining One.
   427 | D:2      | Found a sparkling altar of Nemelex Xobeh.
   724 | D:2      | Reached XP level 4. HP: 39/41 MP: 3/3
   986 | D:2      | Found a white marble altar of Elyvilon.
   988 | D:2      | Found a blossoming altar of Fedhas.
   988 | D:2      | Found a deep blue altar of Sif Muna.
   990 | D:2      | Found an iron altar of Okawaru.
   990 | D:2      | Found a deep blue altar of Sif Muna.
   990 | D:2      | Found a shimmering altar of Xom.
  1296 | D:3      | Reached XP level 5. HP: 12/47 MP: 4/4
  1683 | D:3      | Found a runed door.
  1915 | D:3      | Noticed Crazy Yiuf
  1925 | D:3      | Killed Crazy Yiuf
  2097 | D:4      | Reached XP level 6. HP: 55/55 MP: 5/5
  2141 | D:4      | Reached skill level 5 in Long Blades
  2141 | D:4      | Reached skill level 1 in Maces & Flails
  2156 | D:4      | Found a bloodstained altar of Trog.
  2179 | D:4      | Reached skill level 5 in Armour
  2179 | D:4      | Reached skill level 1 in Dodging
  2179 | D:4      | Reached skill level 5 in Shields
  2199 | D:4      | Reached skill level 5 in Fighting
  2239 | D:4      | Noticed Purgy
  2249 | D:4      | Killed Purgy
  2252 | D:4      | Reached XP level 7. HP: 42/61 MP: 6/6
  2472 | D:5      | Entered Level 5 of the Dungeon
  2832 | D:5      | Reached skill level 6 in Shields
  3042 | D:5      | Found Noheh's Jewellery Boutique.
  3051 | D:5      | Reached XP level 8. HP: 69/69 MP: 7/7
  3222 | D:6      | HP: 1/69 [orc priest/divine providence (14)]
  3222 | D:6      | Killed from afar by an orc priest

Skill      XL: |  1  2  3  4  5  6  7  8 |
---------------+-------------------------+-----
Fighting       | 4 5 |  5.4
Shields        | 4 5 6 |  6.5
Armour         | 4 5 |  5.9
Long Blades    | 3 4 5 |  5.0
Maces & Flails | 2 4 |  4.6
Dodging        | 1 2 3 |  3.1

Action                   |  1- 3 |  4- 6 |  7- 9 || total
-------------------------+-------+-------+-------++-------
Melee: Long sword        |    82 |    66 |       ||   148
       Headbutt          |    17 |    22 |    23 ||    62
       Mace              |       |    70 |   105 ||   175
  Use: Scroll            |       |       |     1 ||     1
  Eat: Chunk             |       |     4 |     3 ||     7
Armor: Scale mail        |    31 |    51 |    69 ||   151
Dodge: Dodged            |    31 |    50 |    47 ||   128
Block: Shield            |    33 |    76 |    86 ||   195
       Rpst.: Long sword |    11 |     5 |       ||    16
